 Dungeon Crawl Stone Soup version 0.23.2-30-g0e89c35 (webtiles) character file.

Game seed: 6402441264315243456

4088 Fortress the Magician (level 10, -3/86 HPs)
             Began as a Pale Draconian Fire Elementalist on June 19, 2019.
             Was a Follower of Sif Muna.
             Slain by an orc warrior
             ... wielding a +0 halberd
              (29 damage)
             ... in a bailey.
             The game lasted 00:55:33 (9102 turns).

Fortress the Magician (DrFE)                        Turns: 9102, Time: 00:55:33

Health: -3/86      AC: 13    Str: 11    XL:     10   Next: 5%
Magic:  1/29       EV: 12    Int: 18    God:    Sif Muna [*.....]
Gold:   206        SH:  0    Dex: 12    Spells: 10/23 levels left

rFire    . . .     SeeInvis .   o - +3 mace (venom)
rCold    . . .     Gourm    .   (no shield)
rNeg     . . .     Faith    +   (armour unavailable)
rPois    +         Spirit   .   (helmet restricted)
rElec    .         Reflect  .   f - +0 cloak
rCorr    .         Harm     .   P - +2 pair of gloves
MR       .....                  h - +1 pair of boots
Stlth    ++........             b - amulet of faith
HPRegen  0.24/turn              K - ring of poison resistance
MPRegen  0.21/turn              N - ring of magical power

@: no status effects
A: breathe steam, unfitting armour, cold-blooded, AC +7
a: Breathe Steam, Divine Energy, Renounce Religion


You were in a bailey.
You worshipped Sif Muna.
Sif Muna was aware of your devotion.
You were not hungry.

You visited 2 branches of the dungeon, and saw 9 of its levels.
You also visited: Sewer, Ossuary and Bailey.

You collected 308 gold pieces.
You spent 102 gold pieces at shops.

Inventory:

Hand Weapons
 d - a +2 flail of protection
 j - a +2 quarterstaff of speed
 o - a +3 mace of venom (weapon)
 s - a +2 quarterstaff of chaos
 y - a +0 mace of draining
Missiles
 c - 94 sling bullets
 g - 197 stones (quivered)
 z - 20 poisoned needles
Armour
 f - a +0 cloak (worn)
 h - a +1 pair of boots (worn)
 P - a +2 pair of gloves (worn)
Jewellery
 b - an amulet of faith (around neck)
 B - an uncursed amulet of faith
 K - a ring of poison resistance (left hand)
 N - a ring of magical power (right hand)
 O - an uncursed ring of stealth
Wands
 k - a wand of iceblast (5)
 r - a wand of scattershot (4)
Scrolls
 a - a scroll of fear
 e - 4 scrolls of teleportation
 m - 2 scrolls of enchant armour
 q - 3 scrolls of amnesia
 w - a scroll of enchant weapon
 x - a scroll of blinking
 D - a scroll of fog
 F - 3 scrolls of remove curse
 L - 2 scrolls of immolation {unknown}
 Q - a scroll of identify
Potions
 i - 3 potions of agility
 n - a potion of lignification
 t - 2 potions of brilliance
 u - 2 potions of curing {unknown}
 v - a potion of cancellation {unknown}
 A - 2 potions of mutation {unknown}
 C - a potion of berserk rage {unknown}
 E - 3 potions of ambrosia
 G - a potion of magic
 H - 2 potions of degeneration {unknown}
 I - a potion of resistance {unknown}
 J - 2 potions of haste {unknown}
Comestibles
 l - 8 rations
 M - 2 chunks of flesh


   Skills:
 * Level 7.0 Fighting
 - Level 2.0 Dodging
 - Level 2.0 Stealth
 - Level 7.0 Spellcasting
 - Level 7.0 Conjurations
 - Level 6.0 Fire Magic
 * Level 3.0 Air Magic
 * Level 6.2 Evocations


You had 10 spell levels left.
You knew the following spells:

 Your Spells              Type           Power        Failure   Level  Hunger
a - Flame Tongue          Conj/Fire      ####.        1%          1    None
b - Throw Flame           Conj/Fire      ####..       1%          2    None
c - Conjure Flame         Conj/Fire      ####....     2%          3    ##.....
d - Mephitic Cloud        Conj/Pois/Air  ###.....     9%          3    ##.....
e - Call Imp              Summ           #.......     16%         2    None
f - Blink                 Tloc           N/A          16%         2    None

Your spell library contained the following spells:

 Spells                   Type           Power        Failure   Level  Hunger
 Magic Dart               Conj           ####         1%          1    None
 Sticky Flame             Conj/Fire      ####....     8%          4    ####...
 Inner Flame              Hex/Fire       ###.....     10%         3    ##.....
 Slow                     Hex            #.......     16%         2    None
 Fireball                 Conj/Fire      ####......   21%         5    #####..


Dungeon Overview and Level Annotations

Branches:
Dungeon (8/15)             Temple (1/1) D:5            Lair (0/6) D:8

Altars:
Ashenzari
Cheibriados
Dithmenos
Elyvilon
Gozag
Hepliaklqana
Kikubaaqudgha
Makhleb
Nemelex Xobeh
Okawaru
Qazlal
Ru
Sif Muna
Trog
Uskayaw
Wu Jian
Xom
Zin
The Shining One

Shops:
D:5 ?


Innate Abilities, Weirdness & Mutations

You can breathe blasts of scalding, opaque steam.
Your pale cyan-grey scales are hard. (AC +7)
You cannot fit into any form of body armour.
You are cold-blooded and may be slowed by cold attacks.


Message History

Casting: Mephitic Cloud (safe; 9% risk of failure)
Confirm with . or Enter, or press ? or * to list all spells.
A beastly little devil appears in a puff of flame.
Casting: Call Imp (safe; 16% risk of failure)
Confirm with . or Enter, or press ? or * to list all spells.
A metallic apparition takes form in the air.
The orc knight roars a battlecry!
Casting: Call Imp (safe; 16% risk of failure)
Confirm with . or Enter, or press ? or * to list all spells.
A beastly little devil appears in a puff of flame.
Casting: Call Imp (safe; 16% risk of failure)
Confirm with . or Enter, or press ? or * to list all spells.
Aiming: Flame Tongue (safe; 1% risk of failure)
Press: ? - help, Shift-Dir - straight line, f - orc warrior
Aim: an orc warrior, wielding a +0 halberd and wearing a +0 plate armour (unusually strong)
The flame tongue hits the orc warrior.
The orc warrior is lightly wounded.
Your crimson imp blinks!
The orc warrior hits you from afar with a +0 halberd!!
You die...

### ##∩## #5(@#
#5..# 5.)o....
oo≈.o..§..≈o
≈.≈≈.......≈≈.≈
≈≈≈).#...#..≈≈≈
....##...##....
#### ##∩## ####


You could see an orc knight, 2 orc warriors, an orc, a friendly iron imp and 2
friendly crimson imps.

Vanquished Creatures
  A troll (D:8)
  A hornet (D:6)
  Sigmund (D:5)
  Menkaure (D:5)
  Edmund (D:5)
  2 orc warriors (Bailey)
  Purgy (Sewer)
  A sky beast (D:6)
  A black bear (D:6)
  3 ice beasts
  3 ogres
  2 wolves (D:8)
  A centaur (D:3)
  2 bullfrogs
  4 water moccasin zombies (Ossuary)
  3 scorpions
  2 killer bees
  4 wights (D:6)
  3 howler monkeys
  An electric eel (D:8)
  2 crimson imps
  5 hounds (D:8)
  A centaur zombie (D:6)
  A bullfrog zombie (D:5)
  Crazy Yiuf (D:3)
  Jessica (D:3)
  A gnoll shaman (D:5)
  Ijyb (D:3)
  3 orc wizards
  4 worker ants
  A hound zombie (D:5)
  8 big kobold zombies (Ossuary)
  3 mummies
  11 gnolls
  15 adders
  A shadow imp (D:3)
  An ooze (D:1)
  9 adder zombies
  2 worms (D:2)
  3 dart slugs
  5 leopard geckos
  19 orcs
  5 giant cockroaches
  3 gnoll zombies (Ossuary)
  4 goblins
  5 hobgoblins
  17 kobolds
  2 quokkas
  2 ball pythons
  8 bats
  2 frilled lizards
  4 hobgoblin zombies (Ossuary)
  5 kobold zombies (Ossuary)
  A leopard gecko zombie (D:2)
  3 orc zombies (Ossuary)
  A quokka skeleton (D:4)
  6 rats
204 creatures vanquished.

Notes
Turn   | Place    | Note
-------+----------+-------------------------------------------
     0 | D:1      | Fortress the Draconian Fire Elementalist began the quest
                  | for the Orb.
     0 | D:1      | Reached XP level 1. HP: 14/14 MP: 3/3
   300 | D:1      | Reached XP level 2. HP: 20/20 MP: 3/5
  1316 | D:2      | Found a snail-covered altar of Cheibriados.
  1356 | D:2      | Reached XP level 3. HP: 22/26 MP: 0/6
  1803 | D:2      | Reached XP level 4. HP: 28/33 MP: 0/7
  2479 | D:3      | Found a sparkling altar of Nemelex Xobeh.
  2610 | D:3      | Found a glowing drain.
  2622 | Sewer    | Entered a sewer
  2712 | Sewer    | Reached XP level 5. HP: 38/38 MP: 4/9
  2758 | Sewer    | Noticed Purgy
  2808 | Sewer    | Killed Purgy
  3171 | D:3      | Noticed Ijyb
  3189 | D:3      | Killed Ijyb
  3189 | D:3      | Reached XP level 6. HP: 25/45 MP: 1/11
  3500 | D:3      | Found a runed translucent door.
  3501 | D:3      | Noticed Crazy Yiuf
  3506 | D:3      | Killed Crazy Yiuf
  3579 | D:3      | Reached skill level 5 in Fire Magic
  3815 | D:3      | Noticed Jessica
  3820 | D:3      | Killed Jessica
  4116 | D:3      | Your scales start taking on a pale cyan-grey colour.
  4116 | D:3      | Reached XP level 7. HP: 47/50 MP: 8/13
  4217 | D:3      | Learned a level 2 spell: Throw Flame
  4221 | D:3      | Learned a level 3 spell: Conjure Flame
  4484 | D:4      | HP: 1/50 [ogre/+0 giant club (23)]
  4589 | D:4      | Reached skill level 5 in Spellcasting
  5093 | D:4      | Found a sacrificial altar of Ru.
  5303 | D:5      | Entered Level 5 of the Dungeon
  5341 | D:5      | Found a staircase to the Ecumenical Temple.
  5341 | D:5      | Noticed Sigmund
  5372 | D:5      | Killed Sigmund
  5372 | D:5      | Reached skill level 5 in Conjurations
  5418 | D:5      | Found a sand-covered staircase.
  5469 | Ossuary  | Entered an ossuary
  5536 | Ossuary  | Reached XP level 8. HP: 54/57 MP: 2/16
  6409 | Temple   | Entered the Ecumenical Temple
  6548 | Temple   | Became a worshipper of Sif Muna the Loreminder
  6636 | D:5      | Noticed Menkaure
  6650 | D:5      | Killed Menkaure
  6650 | D:5      | Reached skill level 1 in Fighting
  6962 | D:5      | Reached skill level 1 in Evocations
  6971 | D:5      | Noticed Edmund
  7269 | D:5      | Killed Edmund
  7269 | D:5      | Reached XP level 9. HP: 49/68 MP: 5/19
  7413 | D:5      | Found Ejixataps's Magic Scroll Emporium.
  7475 | D:5      | Bought a scroll of remove curse for 36 gold pieces
  7475 | D:5      | Bought a scroll of identify for 24 gold pieces
  7475 | D:5      | Bought a scroll of magic mapping for 42 gold pieces
  7781 | D:6      | Paralysed by a hornet for 3 turns
  7968 | D:6      | Reached skill level 5 in Fighting
  8203 | D:6      | Reached skill level 5 in Evocations
  8350 | D:6      | Found a white marble altar of Elyvilon.
  8366 | D:6      | Learned a level 3 spell: Mephitic Cloud
  8369 | D:6      | Learned a level 2 spell: Call Imp
  8372 | D:6      | Learned a level 2 spell: Blink
  8744 | D:7      | Reached skill level 1 in Air Magic
  8859 | D:8      | Noticed a troll
  8867 | D:8      | Reached * piety under Sif Muna
  8875 | D:8      | Killed a troll
  8902 | D:8      | Reached XP level 10. HP: 37/84 MP: 9/20
  9034 | D:8      | Found a flagged portal.
  9059 | Bailey   | Entered a bailey
  9061 | Bailey   | Noticed an orc knight
  9102 | Bailey   | Slain by an orc warrior

Skill      XL: |  1  2  3  4  5  6  7  8  9 10 |
---------------+-------------------------------+-----
Stealth        | 2 |  2.0
Dodging        | 2 |  2.0
Fire Magic     | 4 5 6 |  6.0
Conjurations   | 2 3 5 7 |  7.0
Spellcasting   | 3 4 5 7 |  7.0
Fighting       | 2 6 7 |  7.0
Evocations     | 2 6 |  6.2
Air Magic      | 2 3 |  3.0

Action                   |  1- 3 |  4- 6 |  7- 9 | 10-12 || total
-------------------------+-------+-------+-------+-------++-------
Melee: Unarmed           |     2 |       |       |       ||     2
       Short sword       |    21 |       |       |       ||    21
       Tailslap          |     3 |     3 |    12 |       ||    18
       Quarterstaff      |     5 |    43 |       |       ||    48
       Mace              |       |    12 |   160 |       ||   172
 Cast: Flame Tongue      |    61 |   113 |   334 |     9 ||   517
       Throw Flame       |       |       |    31 |    22 ||    53
       Conjure Flame     |       |       |     5 |       ||     5
       Mephitic Cloud    |       |       |     2 |       ||     2
       Call Imp          |       |       |       |     3 ||     3
Evoke: Wand              |       |       |       |     2 ||     2
  Use: Scroll            |       |     6 |    17 |       ||    23
       Potion            |       |     1 |     5 |     2 ||     8
 Stab: Sleeping          |       |     2 |     1 |       ||     3
       Confused          |       |       |     3 |       ||     3
  Eat: Ration            |     1 |       |     3 |       ||     4
       Chunk             |       |     8 |     4 |     1 ||    13
Armor: Skin              |    12 |    61 |   191 |     1 ||   265
Dodge: Dodged            |    26 |    57 |   238 |    12 ||   333
